 Dungeon Crawl Stone Soup version 0.27-a0-334-g52645efa06 (webtiles) character file.

Game seed: 759203512717589130

2449 wampuh the Cutter (level 9, 0/69 HPs)
             Began as a Demonspawn Gladiator on Feb 13, 2021.
             Was a Priest of Sif Muna.
             Slain by an orc
             ... wielding a +0 trident
              (4 damage)
             ... in a bailey.
             The game lasted 00:15:51 (9286 turns).

wampuh the Cutter (Demonspawn Gladiator)            Turns: 9286, Time: 00:15:52

Health: 0/69       AC:  9    Str: 15    XL:     9   Next: 25%
Magic:  12/12      EV: 13    Int: 14    God:    Sif Muna [***...]
Gold:   183        SH:  0    Dex: 15    Spells: 8/8 levels left

rFire    . . .     SeeInvis .   x - +6 dagger (elec)
rCold    + + .     Faith    .   (no shield)
rNeg     . . .     Spirit   .   w - +1 ring mail "Wotecof" {rCorr Int+2}
rPois    +         Reflect  .   (helmet restricted)
rElec    +         Harm     .   c - +0 cloak
rCorr    +         Rampage  .   (no gloves)
Will     .....                  a - +0 pair of boots
Stlth    ++........             (no amulet)
HPRegen  0.21/turn              p - ring of ice
MPRegen  0.13/turn              (no ring)

@: resistant
A: antennae 2, claws 2, talons 2, blink, subdued magic 1
a: Blink, Renounce Religion, Channel Magic, Forget Spell


You were in a bailey.
You worshipped Sif Muna.
Sif Muna was most pleased with you.
You visited 1 branch of the dungeon, and saw 8 of its levels.
You also visited: Bailey.

You collected 183 gold pieces.

Inventory:

Hand Weapons
 x - a +6 dagger of electrocution (weapon)
Missiles
 d - 3 throwing nets (quivered)
Armour
 a - a +0 pair of boots (worn)
 c - a +0 cloak (worn)
 w - the +1 ring mail "Wotecof" (worn) {rCorr Int+2}
   (You found it on level 5 of the Dungeon)

   It affects your intelligence (+2).
   It provides partial protection from all sources of acid and corrosion.
Jewellery
 p - a ring of ice (left claw)
Scrolls
 b - a scroll of blinking
 e - a scroll of enchant armour
 f - 2 scrolls of identify
 g - a scroll of fear
 i - a scroll of immolation
 j - 2 scrolls of teleportation
 r - a scroll of noise
 v - 2 scrolls of amnesia
Potions
 h - a potion of degeneration
 m - 3 potions of attraction
 q - a potion of mutation


   Skills:
 - Level 6.0 Fighting
 + Level 7.0 Short Blades
 - Level 1.7 Throwing
 + Level 3.4 Armour
 - Level 5.0 Dodging
 - Level 4.3 Stealth
 - Level 5.0 Invocations


You had 8 spell levels left.
You didn't know any spells.
Your spell library was empty.

Dungeon Overview and Level Annotations

Branches:
Dungeon (8/15)             Bailey (1/1)
 Temple: D:4-7         Lair: D:8-11

Altars:
Dithmenos
Elyvilon
Fedhas
Hepliaklqana
Qazlal
Sif Muna
Yredelemnul
Beogh

Shops:
D:5 *

Annotations:
D:8 1 transporter, GEC's ghost, novice TeAE; Maurice


Innate Abilities, Weirdness & Mutations

You have a pair of antennae on your head.
You have very sharp fingernails.
You have razor-sharp toenails.
You can translocate small distances at will.
Your spells are a little easier to cast, but a little less powerful.


Message History

The orc is moderately wounded.
The orc warrior hits you from afar with a +0 halberd!
* * * LOW HITPOINT WARNING * * *
You feel better. The orc closely misses you.
The orc warrior hits you from afar with a +0 halberd.
* * * LOW HITPOINT WARNING * * *
It was a potion of brilliance.
You feel clever all of a sudden. The orc hits you but does no damage.
It was a potion of cancellation.
Your magical effects are unravelling.
You feel magically purged.
You feel a little less clever now. The orc warrior barely misses you.
The orc barely misses you.
It was a potion of resistance.
You feel protected. The orc warrior closely misses you.
The orc closely misses you. The orc warrior misses you. The orc misses you.
You barely miss the orc warrior. The orc warrior closely misses you.
You hit the orc warrior.
Lightning courses through the orc warrior!
The orc warrior is severely wounded.
The orc hits you from afar with a +0 trident.
* * * LOW HITPOINT WARNING * * *
You barely miss the orc warrior.
The orc warrior is severely wounded.
The orc closely misses you. The orc warrior completely misses you.
You hit the orc warrior but do no damage.
The orc warrior is severely wounded.
You hit the orc warrior.
The orc warrior is severely wounded.
The orc hits you from afar with a +0 trident.
* * * LOW HITPOINT WARNING * * *
The orc warrior misses you.
You closely miss the orc warrior.
The orc warrior is severely wounded.
You barely miss the orc warrior.
The orc warrior is severely wounded.
The orc hits you from afar with a +0 trident.
You die...

### ###
##§###########.##
#§§§##§....##..)#
≈..#§§§#§.≈≈≈..#...#
≈≈.§§§.§§≈≈o≈≈.#@.o#
o§.§.§§§§≈.oo≈.'.o.#
≈≈§§.....≈≈o≈≈.#..$#
≈..#...#..≈≈≈..#..[#
..##...##.....##...#
## ##∩###########.##
### ###


You could see 2 orc warriors and 3 orcs.

Vanquished Creatures
  Pikel (D:4)
  Duvessa (D:4)
  2 orc warriors
  2 sky beasts
  A black bear (D:6)
  An ogre (D:3)
  The ghost of ALWAYSlose the Skirmisher, an amateur DsBe of Trog (D:3)
  2 phantoms
  Blork the orc (D:4)
  Dowan (D:4)
  A water moccasin zombie (D:5)
  A scorpion (D:6)
  A bullfrog zombie (D:7)
  2 hounds
  2 orc priests
  Crazy Yiuf (D:2)
  A bullfrog skeleton (D:4)
  An iguana (D:6)
  Terence (D:3)
  4 worker ants
  Natasha (D:4)
  7 orc wizards
  A hound skeleton (D:4)
  7 gnolls
  8 adders
  2 shadow imps (D:6)
  2 white imps
  An ufetubus (D:7)
  2 worms
  2 dart slugs
  2 leopard geckos
  32 orcs
  7 giant cockroaches
  9 goblins
  8 hobgoblins
  9 jackals
  3 quokkas
  8 bats
  6 frilled lizards
  A jackal skeleton (D:4)
  7 kobolds
  A leopard gecko skeleton (D:4)
  5 rats
159 creatures vanquished.

Notes
Turn   | Place    | Note
-------+----------+-------------------------------------------
     0 | D:1      | wampuh the Demonspawn Gladiator began the quest for the
                  | Orb.
     0 | D:1      | Reached XP level 1. HP: 16/16 MP: 1/1
   401 | D:1      | Gained mutation: You have sharp fingernails. [demonic
                  | ancestry]
   401 | D:1      | Reached XP level 2. HP: 18/22 MP: 2/2
   493 | D:1      | Reached skill level 3 in Short Blades
  1017 | D:1      | Reached skill level 1 in Stealth
  1027 | D:1      | Gained mutation: You have sharp toenails. [demonic
                  | ancestry]
  1027 | D:1      | Reached XP level 3. HP: 17/28 MP: 3/3
  1511 | D:2      | Reached XP level 4. HP: 34/34 MP: 4/4
  2186 | D:2      | Gained mutation: You have a pair of small antennae on your
                  | head. [demonic ancestry]
  2186 | D:2      | Reached XP level 5. HP: 40/40 MP: 5/5
  2408 | D:2      | Found a runed translucent door.
  2409 | D:2      | Noticed Crazy Yiuf
  2416 | D:2      | Killed Crazy Yiuf
  2417 | D:2      | Reached skill level 4 in Short Blades
  3099 | D:3      | Noticed Terence
  3111 | D:3      | Killed Terence
  3270 | D:3      | Noticed an ogre
  3276 | D:3      | Killed an ogre
  3277 | D:3      | Gained mutation: You have razor-sharp toenails. [demonic
                  | ancestry]
  3277 | D:3      | Reached XP level 6. HP: 35/47 MP: 6/6
  3432 | D:3      | Found a faded altar of an unknown god.
  3458 | D:3      | Became a worshipper of Sif Muna the Loreminder
  3458 | D:3      | Reached * piety under Sif Muna
  3512 | D:3      | Found a hazy altar of Hepliaklqana.
  3649 | D:3      | Found a runed translucent gate.
  3650 | D:3      | Found a runed translucent gate.
  3651 | D:3      | Found a runed translucent gate.
  3652 | D:3      | Noticed ALWAYSlose's ghost (amateur DsBe)
  3707 | D:3      | Found a blossoming altar of Fedhas.
  3711 | D:3      | Found a shadowy altar of Dithmenos.
  3711 | D:3      | Found a shimmering blue altar of Sif Muna.
  3722 | D:3      | Found a basalt altar of Yredelemnul.
  3725 | D:3      | Found a stormy altar of Qazlal.
  3950 | D:3      | Found a roughly hewn altar of Beogh.
  4011 | D:3      | Gained mutation: Your spells are a little easier to cast,
                  | but a little less powerful. [potion of mutation]
  4011 | D:3      | Gained mutation: You can translocate small distances at
                  | will. [potion of mutation]
  4022 | D:3      | Killed ALWAYSlose's ghost
  4754 | D:4      | Noticed Pikel
  4783 | D:4      | Killed Pikel
  4784 | D:4      | Reached skill level 5 in Short Blades
  4784 | D:4      | Reached XP level 7. HP: 5/55 MP: 7/7
  4878 | D:4      | Noticed Natasha
  4890 | D:4      | Killed Natasha
  5265 | D:4      | Noticed Blork the orc
  5280 | D:4      | Killed Blork the orc
  5281 | D:4      | Reached skill level 6 in Short Blades
  5281 | D:4      | Gained mutation: You have a pair of antennae on your head.
                  | [demonic ancestry]
  5281 | D:4      | Reached XP level 8. HP: 56/61 MP: 8/8
  5556 | D:5      | Entered Level 5 of the Dungeon
  5556 | D:5      | Found Ocrurosuo's Assorted Antiques.
  5556 | D:5      | Noticed Dowan
  5558 | D:5      | Noticed Duvessa
  5679 | D:4      | Reached ** piety under Sif Muna
  5680 | D:4      | Reached skill level 5 in Dodging
  5900 | D:4      | Killed Duvessa
  5901 | D:4      | Reached skill level 5 in Fighting
  5901 | D:4      | Reached skill level 1 in Invocations
  5908 | D:4      | Killed Dowan
  5909 | D:4      | Reached skill level 1 in Armour
  6237 | D:5      | Got a faintly glowing mace
  6238 | D:5      | Identified the +6 mace of the Gloaming {vorpal, rC+ Int+4}
                  | (You found it on level 5 of the Dungeon)
  6636 | D:5      | Got a pitted ring mail
  6647 | D:5      | Identified the +1 ring mail "Wotecof" {rCorr Int+2} (You
                  | found it on level 5 of the Dungeon)
  8127 | D:6      | Found a white marble altar of Elyvilon.
  8195 | D:6      | Gained mutation: You have very sharp fingernails. [demonic
                  | ancestry]
  8195 | D:6      | Reached XP level 9. HP: 49/69 MP: 11/11
  8942 | D:8      | Found a transporter.
  8942 | D:8      | Noticed GEC's ghost (novice TeAE)
  9054 | D:7      | Reached *** piety under Sif Muna
  9222 | D:8      | Found a flagged portal.
  9223 | D:8      | Noticed Maurice
  9227 | Bailey   | Entered a bailey
  9231 | Bailey   | Noticed an orc knight
  9273 | Bailey   | Reached skill level 7 in Short Blades
  9273 | Bailey   | Reached skill level 5 in Invocations
  9274 | Bailey   | HP: 2/69 [orc warrior/+0 halberd (10)]
  9286 | Bailey   | Slain by an orc

Illustrated notes

Levels and vault maps discovered:
D:1:      minmay_arrival_cross, layout_basic, serial_glass, glass_columns_b,
          glass_columns_b, glass_columns_a, glass_columns_a
D:2:      layout_basic, uniq_crazy_yiuf_cottage
D:3:      layout_loops_ring, nzn_hepliaklqana_mist_gate,
          minmay_overflow_temple_star_hex, chequers_ecumenical_altar_island,
          biasface_ghost_orc_armoury, uniq_terence
D:4:      layout_loops_cross, minmay_fountain_box,
          hangedman_abyss_or_decor_lesser_grid, uniq_natasha,
          uniq_blork_the_orc, uniq_pikel
D:5:      layout_basic, serial_shops, shop, uniq_duvessa
D:6:      layout_loops_cross, elyvilon_altar_1
D:7:      layout_basic, okawaru_gym_becter, minmay_temple_entry_stoned_glass,
          uniq_maggie, uniq_menkaure
D:8:      lemuel_upstairs_altar, layout_rooms, eat_drink_and_be_merry_uskayaw,
          enter_bailey_6, gammafunk_ghost_berserking_beasts, centaur_isle,
          uniq_maurice
Bailey:   bailey_polearm_4, bailey

Skill      XL: |  1  2  3  4  5  6  7  8  9 |
---------------+----------------------------+-----
Short Blades   | 3 4 5 6 7 |  7.0
Stealth        | 1 2 3 4 |  4.3
Dodging        | 3 4 5 |  5.0
Fighting       | 3 4 5 6 |  6.0
Invocations    | 3 5 |  5.0
Armour         | 2 3 |  3.4
Throwing       | |  1.7

Action                   |  1- 3 |  4- 6 |  7- 9 || total
-------------------------+-------+-------+-------++-------
Melee: Rapier            |   110 |   263 |   158 ||   531
       Kick              |     6 |    50 |       ||    56
       Dagger            |       |       |   124 ||   124
 Abil: Blink             |       |       |     3 ||     3
  Use: Potion            |       |     7 |     8 ||    15
       Scroll            |       |       |    14 ||    14
 Stab: Sleeping          |     1 |     1 |     6 ||     8
       Invisible         |       |     3 |       ||     3
Armor: Leather armour    |    54 |    29 |       ||    83
       Ring mail         |       |    37 |   103 ||   140
Dodge: Dodged            |    75 |   160 |   190 ||   425

Table legend: (Time is in decaauts)
 A = Elapsed time spent in this place.
 B = Non-inter-level travel time spent in this place.
 C = Inter-level travel time spent in this place.
 D = Time resting spent in this place.
 E = Time spent auto-exploring this place.
 F = Levels seen in this place.
 G = Mean time per level.
                   A        B        C        D        E       F      G
               +--------+--------+--------+--------+--------+-----+--------+
         Total |   9251 |   9106 |    145 |   3690 |   4026 |   9 | 1027.9 |
       Dungeon |   9198 |   9053 |    145 |   3690 |   4026 |   8 | 1149.8 |
        Bailey |     53 |     53 |      0 |      0 |      0 |   1 |   53.0 |
               +--------+--------+--------+--------+--------+-----+--------+

Top non-repeatable levels by time:
     D:4: 1932 daAuts
     D:2: 1625 daAuts
     D:5: 1381 daAuts
     D:1: 1355 daAuts
     D:3: 1284 daAuts
     D:6: 1087 daAuts
     D:7: 492 daAuts
  Bailey: 53 daAuts
     D:8: 38 daAuts
